 Dungeon Crawl Stone Soup version 0.30.1-9-gdf580d7c3d (webtiles) character file.

Game seed: 13087099329274121866

2369 lonewolfV2 the Blocker (level 9, 0/59 (74) HPs)
             Began as a Formicid Fighter on Oct 22, 2023.
             Was an Initiate of Dithmenos.
             Slain by a wight
             ... wielding a +4 battleaxe
              (2 damage)
             ... on level 7 of the Dungeon.
             The game lasted 00:12:59 (8029 turns).

lonewolfV2 the Blocker (Formicid Fighter)           Turns: 8029, Time: 00:12:59

HP:   0/59 (74)     AC: 11    Str: 26    XL:     9   Next: 72%
MP:   9/9           EV: 10    Int:  8    God:    Dithmenos [......]
Gold: 442           SH:  6    Dex: 15    Spells: 8/8 levels left

rFire   + + .        u - +6 mace of Tiam {venom, rF+ SInv}
rCold   + + .        c - +0 buckler
rNeg    . . .        t - +5 ring mail of Lumopan {*Slow rF+ rC+ Str+3}
rPois   +            (helmet unavailable)
rElec   .            (no cloak)
rCorr   .            (no gloves)
SInv    +            (no boots)
Will    .....        e - amulet of faith
Stlth   +            m - ring of poison resistance
HPRegen 0.29/turn    k - ring of protection from cold
MPRegen 0.11/turn

%: slow self (1%), faith
@: heavily drained
A: permanent stasis, dig shafts and tunnels, antennae 3, four strong arms
a: Dig, Shaft Self, Renounce Religion


You were on level 7 of the Dungeon.
You worshipped Dithmenos.
Dithmenos was noncommittal.
You visited 2 branches of the dungeon, and saw 8 of its levels.

You collected 442 gold pieces.

Inventory:

Hand Weapons
 a - a +0 war axe
 u - the +6 mace of Tiam (weapon) {venom, rF+ SInv}
   (You found it on level 7 of the Dungeon)

   rF:        It protects you from fire.
   SInv:      It lets you see invisible.
 v - a +4 morningstar
Missiles
 q - 4 throwing nets
Armour
 b - a +0 scale mail
 c - a +0 buckler (worn)
 f - a +0 plate armour
 t - the +5 ring mail of Lumopan (worn) {*Slow rF+ rC+ Str+3}
   (You found it on level 6 of the Dungeon)

   Str:       It affects your strength (+3).
   rF:        It protects you from fire.
   rC:        It protects you from cold.
   *Slow:     It may slow you when you take damage.
Jewellery
 e - an amulet of faith (around neck)
 k - a ring of protection from cold (right hand)
 m - a ring of poison resistance (left hand)
 o - a ring of flight
 r - a ring of willpower
Wands
 x - a wand of iceblast (11)
Scrolls
 g - 9 scrolls of identify
 i - a scroll of vulnerability {unknown}
 j - 2 scrolls of magic mapping
 l - 2 scrolls of silence
 s - 2 scrolls of enchant weapon
Potions
 d - a potion of might
 h - 5 potions of curing
 p - a potion of magic
 w - a potion of lignification {unknown}


   Skills:
 + Level 8.2 Fighting
 - Level 2.0(3.7) Axes
 * Level 5.0(5.2) Maces & Flails
 + Level 8.1 Armour
 - Level 8.6 Shields


You had 8 spell levels left.
You didn't know any spells.
Your spell library contained the following spells:

 Spells                   Type           Power      Damage    Failure   Level
 Magic Dart               Conj           0%         1d3       56%         1
 Sandblast                Erth           0%         2d4       56%         1
 Passwall                 Tmut/Erth      0%         N/A       71%         2
 Searing Ray              Conj           0%         2d4       71%         2
 Call Canine Familiar     Summ           0%         N/A       91%         3
 Ozocubu's Armour         Ice            0%         N/A       91%         3
 Portal Projectile        Hex/Tloc       0%         N/A       91%         3
 Stone Arrow              Conj/Erth      0%         3d7       91%         3
 Fulminant Prism          Conj/Hex       0%         3d5       100%        4
 Leda's Liquefaction      Hex/Erth       0%         N/A       100%        4
 Passage of Golubria      Tloc           0%         N/A       100%        4
 Metabolic Englaciation   Hex/Ice        0%         N/A       100%        5
 Silence                  Hex/Air        0%         N/A       100%        5
 Simulacrum               Ice/Necr       0%         N/A       100%        6
 Lehudib's Crystal Spear  Conj/Erth      0%         10d2      100%        8


Dungeon Overview and Level Annotations

Branches:
Dungeon (7/15)             Temple (1/1) D:7

Altars:
Ashenzari
Cheibriados
Dithmenos
Elyvilon
Fedhas
Gozag
Hepliaklqana
Kikubaaqudgha
Makhleb
Nemelex Xobeh
Okawaru
Qazlal
Ru
Sif Muna
Uskayaw
Vehumet
Wu Jian
Xom
Yredelemnul
Zin
The Shining One

Shops:
D:4 ((?!


Innate Abilities, Weirdness & Mutations

You cannot be hasted, slowed, berserked, paralysed or teleported.
You can dig through walls and to a lower floor.
You have a pair of large antennae on your head. (SInv)
Your four strong arms can wield two-handed weapons with a shield.


Message History

The orc hits you but does no damage.
You hit the orc.
The orc is almost dead.
The orc hits you but does no damage. The orc closely misses you.
An orc is nearby!
You thump the orc!
You kill the orc!
Dithmenos accepts your kill.
Things that are here:
a +0 short sword; a +0 scale mail You now have 442 gold pieces (gained 7).
Found 3 stones.
A wight comes into view. It is wielding a +4 great sword.
A wight is nearby!
A wight comes into view. It is wielding a +4 battleaxe.
A wight comes into view.
It is wielding a +1 morningstar of protection.
The wight hits you with a +4 great sword.
You completely miss the wight. The wight barely misses you.
You closely miss the wight. The wight barely misses you.
You hit the wight.
The wight is moderately damaged.
The wight hits you with a +4 great sword!
You hit the wight but do no damage.
The wight is moderately damaged.
The wight hits you with a +4 battleaxe! The wight barely misses you.
You block the wight's attack. The wight hits you with a +4 battleaxe.
You feel drained.
You closely miss the wight. You block the wight's attack.
The wight hits you with a +4 great sword.
The wight hits you with a +4 battleaxe!
You feel drained.
The wight hits you with a +4 great sword!
* * * LOW HITPOINT WARNING * * *
You feel drained.
* * * LOW HITPOINT WARNING * * *
The wight hits you with a +1 morningstar of protection.
* * * LOW HITPOINT WARNING * * *
The wight hits you with a +4 battleaxe.
* * * LOW HITPOINT WARNING * * *
You feel drained.
You die...

##.###.....#.....#....####.###..#
##.###..#..........##+####.###..#
.....))..'.............#....#....
.....)...#..#..........#...<'....
##..##..## ##...##...##...##...#
#..##..# #...############...#
#...#..... #....# #.....
#...#...... #...z# ##.....
##......#..# #.z@## #.....#
..######### #..z# ####### ...
....... # #.......# # #.......# #
#.......# # #.......# # ##..##.##
# #


You could see 3 wights.

Vanquished Creatures
  Maggie (D:6)
  Duvessa (D:4)
  An ice beast (D:7)
  An ogre (D:5)
  3 black bears
  A phantom (D:5)
  A kobold brigand (D:7)
  Blork the orc (D:4)
  A bullfrog (D:7)
  3 scorpions
  8 wights
  Dowan (D:4)
  3 jellies
  An orc priest (D:6)
  2 hounds
  2 gnoll boudas (D:6)
  A sleepcap (D:7)
  3 iguanas
  Natasha (thrice) (D:2)
  7 adders
  8 gnolls (D:6)
  An ufetubus (D:5)
  2 worms
  2 dart slugs
  11 orcs
  6 endoplasms
  3 giant cockroaches
  4 goblins
  6 hobgoblins (D:1)
  3 quokkas
  7 ball pythons
  5 bats
  2 frilled lizards (D:2)
  11 kobolds
  3 rats
119 creatures vanquished.

Vanquished Creatures (others)
  A human (D:3)
1 creature vanquished.

Grand Total: 120 creatures vanquished

Notes
Turn   | Place    | Note
-------+----------+-------------------------------------------
     0 | D:1      | lonewolfV2 the Formicid Fighter began the quest for the
                  | Orb.
     0 | D:1      | Reached XP level 1. HP: 18/18 MP: 1/1
    65 | D:1      | Reached XP level 2. HP: 24/24 MP: 2/2
   358 | D:1      | Reached XP level 3. HP: 30/30 MP: 3/3
   868 | D:2      | Noticed Natasha
   881 | D:2      | Killed Natasha
  1018 | D:2      | Reached XP level 4. HP: 37/37 MP: 4/4
  1123 | D:2      | Reached skill level 5 in Shields
  1624 | D:2      | Noticed Natasha
  1637 | D:2      | Killed Natasha
  1706 | D:2      | Noticed Natasha
  1712 | D:2      | Killed Natasha
  1713 | D:2      | Reached XP level 5. HP: 34/43 MP: 5/5
  2201 | D:3      | Found a burning altar of Makhleb.
  2380 | D:3      | Found an ancient bone altar of Kikubaaqudgha.
  2381 | D:3      | Noticed a human
  2387 | D:3      | Killed a human
  2692 | D:4      | Reached XP level 6. HP: 46/49 MP: 6/6
  2751 | D:4      | Found Wewasch's Magic Scroll Emporium.
  3116 | D:4      | Reached skill level 5 in Fighting
  3116 | D:4      | Reached skill level 5 in Armour
  3375 | D:4      | Found Deph's Weapon Boutique.
  3408 | D:4      | Found Tiackaq's Weapon Boutique.
  3465 | D:4      | Found Ruaculyu's Distillery.
  3561 | D:4      | Found an ornate altar of the Wu Jian Council.
  3561 | D:4      | Found a glowing golden altar of the Shining One.
  3564 | D:4      | Found a hazy altar of Hepliaklqana.
  3607 | D:4      | Noticed Dowan
  3607 | D:4      | Noticed Blork the orc
  3610 | D:4      | Noticed Duvessa
  3620 | D:4      | Killed Blork the orc
  3622 | D:4      | Killed Duvessa
  3623 | D:4      | Reached XP level 7. HP: 9/56 MP: 7/7
  3623 | D:4      | Killed Dowan
  4057 | D:5      | Entered Level 5 of the Dungeon
  4208 | D:5      | Found a sparkling altar of Nemelex Xobeh.
  4508 | D:5      | Reached XP level 8. HP: 64/64 MP: 8/8
  5552 | D:6      | HP: 2/57 [wight/+3 battleaxe (1)]
  6165 | D:6      | Identified the +5 ring mail of Lumopan {*Slow rF+ rC+
                  | Str+3}
  6471 | D:6      | Noticed Maggie
  6495 | D:6      | Killed Maggie
  6496 | D:6      | Reached XP level 9. HP: 46/72 MP: 9/9
  6925 | D:7      | Identified the +6 mace of Tiam {venom, rF+ SInv}
  7312 | D:7      | Found a staircase to the Ecumenical Temple.
  7342 | Temple   | Entered the Ecumenical Temple
  7662 | Temple   | Became a worshipper of Dithmenos the Shadowed
  7815 | D:7      | Reached skill level 5 in Maces & Flails
  8029 | D:7      | HP: 2/61 [wight/+4 battleaxe (6)]
  8029 | D:7      | Slain by a wight

Illustrated notes

Levels and vault maps discovered:
D:1:      minmay_arrival_plants_in_alcoves, layout_basic, minmay_pentomino_s2
D:2:      layout_basic, uniq_natasha
D:3:      layout_loops_ring, tgw_kikubaaqudgha,
          mainiacjoe_overflow_small_starburst
D:4:      layout_basic, nicolae_overflow_hidden_temple, serial_shops, shop,
          nicolae_shop_behind_doors, nicolae_shop_back_alley_shop,
          kennysheep_little_box, hangedman_abyss_or_decor_slice,
          nicolae_half_adder, uniq_duvessa, uniq_blork_the_orc
D:5:      layout_basic, nemelex_dance_club_becter
D:6:      layout_basic, uniq_maggie
D:7:      layout_gridville, minmay_temple_entry_waves, uniq_prince_ribbit1
Temple:   nicolae_temple_bog_church

Skill      XL: |  1  2  3  4  5  6  7  8  9 |
---------------+----------------------------+-----
Fighting       | 4 5 6 7 8 |  8.2
Armour         | 4 5 6 7 8 |  8.1
Shields        | 5 6 7 8 |  8.6
Maces & Flails | 2 5 |  5.0
Axes           | |  2.0

Action                     |  1- 3 |  4- 6 |  7- 9 || total
---------------------------+-------+-------+-------++-------
  Melee: War axe           |    59 |   128 |    95 ||   282
         Battleaxe         |       |       |    13 ||    13
         Morningstar       |       |       |    48 ||    48
         Mace              |       |       |    50 ||    50
Ability: Dig               |     1 |       |       ||     1
    Use: Scroll            |     2 |     6 |     3 ||    11
         Potion            |       |     1 |     7 ||     8
 Armour: Scale mail        |    33 |       |       ||    33
         Plate armour      |       |   122 |    94 ||   216
         Ring mail         |       |       |    81 ||    81
  Dodge: Dodged            |    25 |    53 |   130 ||   208
  Block: Buckler           |    17 |    48 |    97 ||   162
